 Dungeon Crawl Stone Soup version 0.20.0-8-g6b59dc7 (webtiles) character file.

107 straycat the Charmwright (level 4, -1/33 HPs)
             Began as a Vampire Skald on May 31, 2017.
             Slain by an orc priest
             ... wielding a +0 whip
              (7 damage)
             ... on level 3 of the Dungeon.
             The game lasted 00:07:44 (2030 turns).

straycat the Charmwright (Vampire Skald)            Turns: 2030, Time: 00:07:44

Health: -1/33      AC:  3    Str: 10    XL:     4   Next: 56%
Magic:  2/7        EV: 13    Int: 15    God:
Gold:   122        SH:  0    Dex: 14    Spells: 6/7 levels left

rFire    . . .     SeeInvis +   a - +0 falchion
rCold    . . .     Gourm    .   (no shield)
rNeg     + . .     Faith    .   b - +0 leather armour
rPois    .         Spirit   .   (no helmet)
rElec    .         Reflect  .   (no cloak)
rCorr    .         Harm     .   (no gloves)
MR       .....                  (no boots)
Stlth    ++........             (no amulet)
Regen    0.2/turn               (no ring)
MPRegen  0.1/turn               (no ring)

@: infused
A: fangs 3, see invisible, unbreathing
a: Bat Form


You were on level 3 of the Dungeon.
You were not thirsty.

You visited 1 branch of the dungeon, and saw 3 of its levels.

You collected 122 gold pieces.

Inventory:

Hand Weapons
 a - a +0 falchion (weapon)
Missiles
 h - 92 stones (quivered)
 n - 18 poisoned needles
Armour
 b - a +0 leather armour (worn)
 g - a +0 scale mail
 t - a +0 ring mail
Jewellery
 m - an uncursed ring of positive energy {unknown}
Scrolls
 e - 2 scrolls of teleportation {unknown}
 i - 3 scrolls of enchant weapon {unknown}
 j - 5 scrolls of remove curse {unknown}
 l - 3 scrolls of identify {unknown}
 o - a scroll of immolation {unknown}
 p - a scroll of magic mapping {unknown}
 q - a scroll of random uselessness {unknown}
 s - a scroll of amnesia {unknown}
Potions
 d - 20 potions of blood
 f - a potion of heal wounds {unknown}
 k - 3 potions of curing {unknown}
 r - a potion of mutation {unknown}
 u - a potion of might {unknown}
 v - a potion of resistance {unknown}
Books
 c - a book of Battle

   Spells                             Type                      Level
   a - Infusion                       Charms                       1
   b - Shroud of Golubria             Charms/Translocation         2
   c - Song of Slaying                Charms                       2
   d - Spectral Weapon                Hexes/Charms                 3
   e - Regeneration                   Charms/Necromancy            3


   Skills:
 * Level 2.1 Fighting
 + Level 2.5 Long Blades
 + Level 1.3 Armour
 * Level 3.1 Dodging
 * Level 2.2 Stealth
 + Level 2.3 Spellcasting
 + Level 3.8 Charms


You had 6 spell levels left.
You knew the following spells:

 Your Spells              Type           Power        Failure   Level  Hunger
a - Infusion              Chrm           ##..         6%          1    #......


Dungeon Overview and Level Annotations

Branches:
Dungeon (3/15)

Altars:

Portals:
Sewer: D:3


Innate Abilities, Weirdness & Mutations

You have razor-sharp teeth.
You have supernaturally acute eyesight. (SInv)
You can survive without breathing.


Message History

The orc priest invokes the aid of Beogh against you.
Beogh smites you!
* * * LOW HITPOINT WARNING * * *
The orc closely misses you.
You hit the orc!
You kill the orc!
You barely miss the orc priest. The orc priest completely misses you.
You riposte.
You hit the orc priest. You bite the orc priest.
The orc priest is moderately wounded.
You barely miss the orc priest.
The orc priest is moderately wounded.
The orc priest hits you but does no damage.
You hit the orc priest.
The orc priest is heavily wounded.
The orc priest hits you with a whip.
* * * LOW HITPOINT WARNING * * *
You closely miss the orc priest.
The orc priest is heavily wounded.
The orc priest hits you with a whip!
You die...

#.......÷...........
#.......o##.##.###########
#.......†.#.# .#.........#
#.........#.. .##.######.#
........#o#### ##.#....#.#
#######.#.# #.#.##.#.#
#.#.#######.#.#.<#.#
#.#....o.##.#.#..#.#
#.######@##.#.#..#.# #.#
#.##.#.####.# #.#
#....#......#
#############


You could see an orc priest.

Vanquished Creatures
  A river rat (D:3)
  2 adders (D:2)
  2 dart slugs
  4 leopard geckos
  2 orcs (D:3)
  7 giant cockroaches
  5 goblins
  6 hobgoblins
  8 jackals
  9 kobolds
  4 ball pythons
  7 bats
  A frilled lizard (D:2)
  7 rats
65 creatures vanquished.

Notes
Turn   | Place    | Note
-------+----------+-------------------------------------------
     0 | D:1      | straycat the Vampire Skald began the quest for the Orb.
     0 | D:1      | Reached XP level 1. HP: 16/16 MP: 3/3
   276 | D:1      | Reached XP level 2. HP: 20/22 MP: 5/5
   316 | D:1      | Reached skill level 1 in Armour
   450 | D:1      | Reached skill level 1 in Stealth
   700 | D:1      | Reached XP level 3. HP: 27/27 MP: 6/6
  1338 | D:2      | Reached XP level 4. HP: 25/33 MP: 3/7
  1903 | D:3      | Found a glowing drain.
  2030 | D:3      | Slain by an orc priest

Skill      XL: |  1  2  3  4 |
---------------+-------------+-----
Armour         | 1 |  1.3
Stealth        | 1 2 |  2.2
Dodging        | 3 |  3.1
Fighting       | 2 |  2.1
Long Blades    | |  2.5
Spellcasting   | |  2.3
Charms         | |  3.8

Action                   |  1- 3 |  4- 6 || total
-------------------------+-------+-------++-------
Melee: Falchion          |   104 |    60 ||   164
       Bite              |     6 |     9 ||    15
 Cast: Infusion          |     6 |     3 ||     9
  Use: Potion            |       |     5 ||     5
 Stab: Sleeping          |     1 |       ||     1
Armor: Leather armour    |    38 |    27 ||    65
Dodge: Dodged            |    81 |    65 ||   146
       Rpst.: Falchion   |    27 |    19 ||    46
